[ AOE2 MATCH · #489740689 ]
UnrankedSicilians vs Teutons
Player's team · WIN
Rival team · LOSS
[ REPLAY ANALYSIS · EXTRACTED FROM THE RECORDED GAME ]
Feudal
8:51
Castle
20:37
Imperial
36:07
| APM avg | 103.6 |
| APM peak | 163 |
| eAPM avg | 61.9 |
| Villagers / military | 162 / 100 |
Focus
⚔️ 67.7% · 🌾 32.3%
Archer ×53 · Knight ×38 · Scout Cavalry ×4 · Monk ×3 · Spearman ×2
Feudal
9:16
Castle
19:59
Imperial
36:34
| APM avg | 72.1 |
| APM peak | 114 |
| eAPM avg | 34.5 |
| Villagers / military | 125 / 116 |
Focus
⚔️ 52.4% · 🌾 47.6%
Knight ×44 · Skirmisher ×42 · Archer ×17 · Monk ×4 · Spearman ×4 · Scout Cavalry ×3
Match map
Initial resources + every placement click. Lines = walls · curves = elevation contours. ◆ gold · ⬟ stone · ● berries · ✦ relic · ◌ wall gap
Your base· ✓ Closed at 20:37 · 34t walls · 1 gate(s)
吊大师's base· ✓ Closed at 19:59 · 30t walls · 1 gate(s)
Smoothed initial terrain · ◌ = detected wall gap · hover for details
Inputs per minute
— Saturno 1343 - - 吊大师
Build order — Saturno 1343
First 150 of 420 actions detected
| 0:00 | Queue | Villager (Male) |
| 0:01 | Queue | Villager (Male) |
| 0:02 | Build | House |
| 0:02 | Build | House |
| 0:19 | Queue | Villager (Male) |
| 0:19 | Queue | Villager (Male) |
| 1:15 | Queue | Villager (Male) |
| 1:38 | Queue | Villager (Male) |
| 1:56 | Build | Lumber Camp |
| 2:09 | Queue | Villager (Male) |
| 2:32 | Queue | Villager (Male) |
| 3:00 | Queue | Villager (Male) |
| 3:38 | Queue | Villager (Male) |
| 3:40 | Queue | Villager (Male) |
| 3:40 | Queue | Villager (Male) |
| 3:50 | Build | House |
| 4:08 | Queue | Villager (Male) |
| 4:12 | Build | Mill |
| 4:40 | Queue | Villager (Male) |
| 4:40 | Queue | Villager (Male) |
| 4:45 | Queue | Villager (Male) |
| 4:45 | Queue | Villager (Male) |
| 5:34 | Queue | Villager (Male) |
| 5:34 | Queue | Villager (Male) |
| 5:39 | Queue | Villager (Male) |
| 6:00 | Research | Loom |
| 6:39 | Research | Feudal Age |
| 7:06 | Queue | Villager (Male) |
| 7:13 | Queue | Villager (Male) |
| 7:16 | Queue | Villager (Male) |
| 7:44 | Build | Barracks |
| 7:45 | Queue | Villager (Male) |
| 8:22 | Build | House |
| 8:51 | Age | Feudal Age |
| 8:54 | Research | Double-Bit Axe |
| 8:58 | Build | Stable |
| 8:58 | Queue | Villager (Male) |
| 9:03 | Queue | Spearman |
| 9:09 | Queue | Villager (Male) |
| 9:13 | Queue | Villager (Male) |
| 9:33 | Build | Palisade Wall |
| 9:36 | Build | Palisade Wall |
| 9:42 | Build | House |
| 9:44 | Build | Palisade Wall |
| 9:48 | Build | Palisade Wall |
| 9:51 | Queue | Scout Cavalry |
| 10:16 | Build | House |
| 10:24 | Queue | Villager (Male) |
| 10:29 | Queue | Villager (Male) |
| 10:40 | Build | Farm |
| 10:41 | Build | Farm |
| 10:44 | Build | House |
| 10:45 | Build | Palisade Wall |
| 10:56 | Research | Horse Collar |
| 10:56 | Research | Horse Collar |
| 10:59 | Queue | Villager (Male) |
| 11:06 | Queue | Villager (Male) |
| 11:07 | Queue | Villager (Male) |
| 11:11 | Queue | Scout Cavalry |
| 11:12 | Queue | Villager (Male) |
| 11:14 | Build | Farm |
| 11:40 | Queue | Scout Cavalry |
| 11:44 | Queue | Villager (Male) |
| 11:50 | Queue | Villager (Male) |
| 11:54 | Build | Archery Range |
| 12:07 | Queue | Villager (Male) |
| 12:14 | Queue | Villager (Male) |
| 12:14 | Queue | Villager (Male) |
| 12:15 | Build | Farm |
| 12:25 | Build | House |
| 12:26 | Build | Palisade Wall |
| 12:38 | Queue | Villager (Male) |
| 12:46 | Queue | Scout Cavalry |
| 12:48 | Queue | Archer |
| 13:11 | Queue | Villager (Male) |
| 13:14 | Build | Mining Camp |
| 13:14 | Queue | Villager (Male) |
| 13:17 | Build | Farm |
| 13:31 | Build | Farm |
| 13:33 | Build | Farm |
| 13:34 | Queue | Spearman |
| 13:56 | Build | Palisade Gate |
| 13:57 | Queue | Villager (Male) |
| 14:08 | Queue | Villager (Male) |
| 14:08 | Queue | Villager (Male) |
| 14:13 | Build | Palisade Wall |
| 14:26 | Build | Farm |
| 14:27 | Build | Farm |
| 14:32 | Build | House |
| 14:33 | Build | Palisade Wall |
| 14:36 | Queue | Villager (Male) |
| 14:42 | Queue | Villager (Male) |
| 14:57 | Build | Farm |
| 14:57 | Queue | Villager (Male) |
| 14:58 | Build | Farm |
| 14:59 | Build | Farm |
| 15:01 | Build | Farm |
| 15:05 | Build | Blacksmith |
| 15:06 | Build | House |
| 15:07 | Build | Palisade Wall |
| 15:12 | Queue | Villager (Male) |
| 15:28 | Build | Farm |
| 15:29 | Queue | Villager (Male) |
| 15:32 | Queue | Villager (Male) |
| 15:57 | Build | Farm |
| 15:57 | Queue | Villager (Male) |
| 15:59 | Queue | Archer |
| 15:59 | Queue | Archer |
| 16:01 | Queue | Villager (Male) |
| 16:07 | Queue | Villager (Male) |
| 16:19 | Queue | Villager (Male) |
| 16:33 | Queue | Villager (Male) |
| 16:41 | Build | House |
| 16:52 | Queue | Villager (Male) |
| 17:01 | Queue | Villager (Male) |
| 17:18 | Build | House |
| 17:24 | Queue | Archer |
| 17:42 | Build | Farm |
| 17:57 | Research | Castle Age |
| 18:31 | Queue | Archer |
| 18:31 | Queue | Archer |
| 18:32 | Queue | Villager (Male) |
| 18:40 | Build | Archery Range |
| 18:43 | Research | Gold Mining |
| 18:49 | Research | Fletching |
| 18:50 | Research | Fletching |
| 19:17 | Queue | Archer |
| 19:23 | Queue | Archer |
| 19:23 | Queue | Archer |
| 19:40 | Queue | Archer |
| 19:56 | Queue | Archer |
| 19:56 | Queue | Archer |
| 20:07 | Queue | Archer |
| 20:07 | Queue | Archer |
| 20:19 | Queue | Villager (Male) |
| 20:25 | Queue | Villager (Male) |
| 20:33 | Queue | Villager (Male) |
| 20:37 | Age | Castle Age |
| 20:38 | Queue | Villager (Male) |
| 20:40 | Research | Crossbowman (upgrade) |
| 20:49 | Queue | Villager (Male) |
| 21:13 | Build | Town Center |
| 21:13 | Queue | Villager (Male) |
| 21:17 | Research | Bow Saw |
| 21:18 | Research | Bow Saw |
| 21:22 | Queue | Archer |
| 21:22 | Queue | Archer |
| 21:29 | Build | Palisade Wall |
| 21:33 | Research | Bodkin Arrow |
| 21:34 | Research | Bodkin Arrow |
Build order — 吊大师
First 150 of 413 actions detected
| 0:00 | Queue | Villager (Male) |
| 0:01 | Queue | Villager (Male) |
| 0:02 | Build | House |
| 0:02 | Build | House |
| 0:06 | Queue | Villager (Male) |
| 0:09 | Queue | Villager (Male) |
| 1:14 | Queue | Villager (Male) |
| 1:45 | Queue | Villager (Male) |
| 1:45 | Queue | Villager (Male) |
| 2:10 | Queue | Villager (Male) |
| 2:16 | Build | Lumber Camp |
| 2:43 | Queue | Villager (Male) |
| 2:43 | Queue | Villager (Male) |
| 3:08 | Queue | Villager (Male) |
| 3:09 | Queue | Villager (Male) |
| 3:53 | Build | House |
| 3:59 | Queue | Villager (Male) |
| 3:59 | Queue | Villager (Male) |
| 4:20 | Build | House |
| 4:21 | Build | House |
| 4:28 | Queue | Villager (Male) |
| 4:46 | Queue | Villager (Male) |
| 5:07 | Build | Mill |
| 5:42 | Queue | Villager (Male) |
| 6:15 | Queue | Villager (Male) |
| 6:35 | Research | Loom |
| 6:59 | Research | Feudal Age |
| 6:59 | Research | Feudal Age |
| 7:18 | Build | Dock |
| 7:31 | Queue | Villager (Male) |
| 7:57 | Build | Palisade Wall |
| 8:10 | Build | Barracks |
| 8:13 | Queue | Villager (Male) |
| 8:44 | Queue | Fishing Ship |
| 9:16 | Age | Feudal Age |
| 9:17 | Research | Double-Bit Axe |
| 9:17 | Research | Double-Bit Axe |
| 9:20 | Queue | Spearman |
| 9:23 | Queue | Villager (Male) |
| 9:39 | Queue | Villager (Male) |
| 9:46 | Queue | Spearman |
| 9:53 | Build | Palisade Wall |
| 9:55 | Build | Palisade Wall |
| 10:03 | Queue | Spearman |
| 10:11 | Research | Town Watch |
| 10:11 | Research | Town Watch |
| 10:13 | Build | House |
| 10:39 | Build | Palisade Wall |
| 10:40 | Build | Palisade Wall |
| 10:42 | Build | Palisade Wall |
| 10:47 | Queue | Villager (Male) |
| 10:48 | Queue | Spearman |
| 10:52 | Build | House |
| 10:55 | Queue | Villager (Male) |
| 11:00 | Build | Stable |
| 11:07 | Build | Palisade Wall |
| 11:09 | Build | Palisade Wall |
| 11:16 | Queue | Villager (Male) |
| 11:21 | Build | House |
| 11:22 | Build | Palisade Wall |
| 11:22 | Build | Palisade Wall |
| 11:25 | Queue | Villager (Male) |
| 11:27 | Build | Palisade Wall |
| 11:37 | Build | Palisade Wall |
| 11:51 | Queue | Villager (Male) |
| 12:01 | Build | Farm |
| 12:08 | Build | Farm |
| 12:09 | Queue | Villager (Male) |
| 12:11 | Queue | Scout Cavalry |
| 12:11 | Queue | Scout Cavalry |
| 12:12 | Queue | Villager (Male) |
| 12:14 | Build | Farm |
| 12:18 | Build | Farm |
| 12:44 | Queue | Villager (Male) |
| 12:47 | Build | Palisade Gate |
| 12:48 | Build | Palisade Wall |
| 12:52 | Build | House |
| 13:00 | Build | Palisade Wall |
| 13:03 | Build | Palisade Wall |
| 13:08 | Build | Farm |
| 13:09 | Queue | Villager (Male) |
| 13:10 | Build | Farm |
| 13:23 | Queue | Scout Cavalry |
| 13:28 | Build | Mining Camp |
| 13:32 | Build | Farm |
| 13:34 | Build | Farm |
| 13:35 | Build | Farm |
| 13:38 | Research | Horse Collar |
| 13:38 | Research | Horse Collar |
| 13:42 | Build | Farm |
| 13:56 | Build | Farm |
| 14:14 | Queue | Villager (Male) |
| 14:19 | Build | Farm |
| 14:20 | Build | Farm |
| 14:23 | Queue | Villager (Male) |
| 14:25 | Build | Farm |
| 14:30 | Build | Farm |
| 14:40 | Queue | Villager (Male) |
| 14:43 | Build | Farm |
| 14:47 | Build | Farm |
| 15:04 | Build | Farm |
| 15:08 | Build | Farm |
| 15:27 | Build | Archery Range |
| 15:40 | Queue | Villager (Male) |
| 15:56 | Queue | Villager (Male) |
| 16:22 | Queue | Villager (Male) |
| 17:05 | Research | Gold Mining |
| 17:19 | Research | Castle Age |
| 17:19 | Research | Castle Age |
| 17:30 | Build | Archery Range |
| 18:09 | Queue | Archer |
| 18:13 | Build | Lumber Camp |
| 18:21 | Queue | Archer |
| 18:25 | Build | Blacksmith |
| 18:30 | Build | Lumber Camp |
| 18:32 | Queue | Archer |
| 18:32 | Queue | Archer |
| 18:56 | Build | House |
| 19:00 | Build | House |
| 19:15 | Build | Fish Trap |
| 19:22 | Queue | Archer |
| 19:22 | Queue | Archer |
| 19:40 | Queue | Archer |
| 19:59 | Age | Castle Age |
| 20:02 | Research | Crossbowman (upgrade) |
| 20:02 | Queue | Villager (Male) |
| 20:10 | Queue | Villager (Male) |
| 20:17 | Build | Town Center |
| 20:19 | Research | Fletching |
| 20:19 | Research | Fletching |
| 20:27 | Queue | Villager (Male) |
| 20:38 | Queue | Villager (Male) |
| 20:41 | Queue | Archer |
| 20:53 | Queue | Archer |
| 20:54 | Queue | Villager (Male) |
| 21:00 | Build | Town Center |
| 21:10 | Queue | Archer |
| 21:13 | Research | Padded Archer Armor |
| 21:13 | Research | Padded Archer Armor |
| 21:15 | Queue | Villager (Male) |
| 21:26 | Queue | Archer |
| 21:44 | Queue | Villager (Male) |
| 21:47 | Build | Farm |
| 21:47 | Build | Farm |
| 21:47 | Build | Farm |
| 21:52 | Queue | Archer |
| 21:52 | Queue | Archer |
| 21:54 | Queue | Villager (Male) |
| 22:04 | Queue | Villager (Male) |
| 22:15 | Research | Bodkin Arrow |
Match timeline
| 7:18 | 吊大师 · first_building Dock |
| 7:44 | Saturno 1343 · first_building Barracks |
| 7:57 | 吊大师 · wall_segment Palisade Wall x1 |
| 8:10 | 吊大师 · first_building Barracks |
| 8:51 | Saturno 1343 · age_up feudal |
| 8:58 | Saturno 1343 · first_building Stable |
| 9:16 | 吊大师 · age_up feudal |
| 9:33 | Saturno 1343 · wall_segment Palisade Wall x4 |
| 9:36 | Saturno 1343 · wall_segment Palisade Wall x1 |
| 9:44 | Saturno 1343 · wall_segment Palisade Wall x1 |
| 9:48 | Saturno 1343 · wall_segment Palisade Wall x8 |
| 9:53 | 吊大师 · wall_segment Palisade Wall x5 |
| 9:55 | 吊大师 · wall_segment Palisade Wall x4 |
| 10:39 | 吊大师 · wall_segment Palisade Wall x1 |
| 10:40 | 吊大师 · wall_segment Palisade Wall x1 |
| 10:42 | 吊大师 · wall_segment Palisade Wall x4 |
| 10:45 | Saturno 1343 · wall_segment Palisade Wall x3 |
| 11:00 | 吊大师 · first_building Stable |
| 11:07 | 吊大师 · wall_segment Palisade Wall x6 |
| 11:09 | 吊大师 · wall_segment Palisade Wall x3 |
| 11:22 | 吊大师 · wall_segment Palisade Wall x1 |
| 11:22 | 吊大师 · wall_segment Palisade Wall x1 |
| 11:27 | 吊大师 · wall_segment Palisade Wall x1 |
| 11:37 | 吊大师 · wall_segment Palisade Wall x1 |
| 11:54 | Saturno 1343 · first_building Archery Range |
| 12:26 | Saturno 1343 · wall_segment Palisade Wall x8 |
| 12:48 | 吊大师 · wall_segment Palisade Wall x1 |
| 13:00 | 吊大师 · wall_segment Palisade Wall x1 |
| 13:03 | 吊大师 · wall_segment Palisade Wall x1 |
| 14:13 | Saturno 1343 · wall_segment Palisade Wall x1 |
| 14:33 | Saturno 1343 · wall_segment Palisade Wall x6 |
| 15:07 | Saturno 1343 · wall_segment Palisade Wall x2 |
| 15:27 | 吊大师 · first_building Archery Range |
| 19:59 | 吊大师 · age_up castle |
| 20:37 | Saturno 1343 · age_up castle |
| 21:29 | Saturno 1343 · wall_segment Palisade Wall x1 |
| 21:58 | Saturno 1343 · first_building Monastery |
| 29:23 | Saturno 1343 · first_market_buy 100 food |
| 31:05 | 吊大师 · first_building Monastery |
| 31:40 | Saturno 1343 · first_building Castle |
| 32:51 | Saturno 1343 · first_market_sell 100 wood |
| 36:07 | Saturno 1343 · age_up imperial |
| 36:20 | 吊大师 · first_market_sell 100 wood |
| 36:34 | 吊大师 · age_up imperial |
| 36:56 | 吊大师 · resign |
[ AI ANALYSIS · 1 CREDIT ]
What really happened in this match?
Wolo.gg analyzes every decision: build order, eco, micro, common mistakes by bracket. Personalized analysis on WhatsApp or Discord in 30 seconds.
Civ guide
Sicilians
Perfil
Saturno 1343